Map: Deathaura LE

Players

DnS - Winner!

  • Race: Protoss Protoss
  • Spawn Location: 5:00

Garitos

  • Race: Zerg Zerg
  • League: Grandmaster
  • Spawn Location: 11:00

Event: DreamHack SC2 Masters 2020 Fall

VOD

Have the link to the VOD?

Description

Time

  • Played on: Sept. 4, 2020, 1:51 p.m.
  • Length: 13:42

All games in this series

Show
View Real Time Build Order
Export as new Build Order

DnS Protoss - Winner!

Build Orders: 1 Gate Expand, Oracle Opening, Archon Immortal 

Get SALT Encoding   

  12  0:00  Probe  
  13  0:12  Probe  
  14  0:18  Pylon  
  14  0:24  Probe  
  15  0:36  Probe (Chrono Boost)  
  15  0:41  Gateway  
  16  0:45  Probe (Chrono Boost)  
  17  0:50  Assimilator  
  17  0:51  Probe (Chrono Boost)  
  18  1:03  Probe  
  19  1:15  Probe  
  20  1:25  Nexus  
  20  1:36  Cybernetics Core  
  20  1:40  Probe  
  20  1:46  Assimilator  
  21  1:52  Probe  
  22  1:55  Pylon  
  22  2:04  Probe  
  23  2:10  Adept (Chrono Boost)  
  25  2:16  Probe  
  25  2:18  Stargate  
  26  2:27  Warp Gate  
  26  2:28  Probe  
  27  2:31  Adept (Chrono Boost)  
  27  2:34  Probe  
  29  2:40  Probe  
  29  2:42  Probe  
  32  2:53  Probe x2  
  32  2:56  Adept  
  36  3:02  Oracle (Chrono Boost)  
  36  3:05  Probe  
  40  3:10  Probe  
  40  3:12  Pylon  
  41  3:17  Probe  
  42  3:22  Probe  
  42  3:26  Adept  
  45  3:29  Probe  
  46  3:34  Probe  
  46  3:36  Oracle  
  47  3:41  Probe  
  47  3:46  Probe  
  47  3:47  Gateway  
  48  3:53  Probe  
  48  3:55  Assimilator  
  49  3:57  Assimilator  
  49  3:58  Probe  
  50  4:05  Probe  
  50  4:09  Robotics Facility  
  51  4:10  Pylon x2  
  51  4:11  Probe  
  51  4:15  Zealot  
  54  4:28  Nexus, Probe x2  
  54  4:30  Pylon  
  56  4:40  Probe x2  
  56  4:41  Pylon  
  58  4:50  Adept x2  
  62  4:53  Probe x2  
  62  4:58  Shield Battery  
  64  5:04  Observer  
  64  5:05  Probe (Chrono Boost)  
  64  5:06  Twilight Council  
  66  5:07  Forge  
  66  5:10  Probe (Chrono Boost)  
  66  5:12  Sentry x2  
  71  5:19  Probe (Chrono Boost)  
  72  5:24  Probe x2 (Chrono Boost)  
  72  5:27  Immortal  
  78  5:34  Gateway x2  
  78  5:35  Probe (Chrono Boost)  
  79  5:37  Protoss Ground Weapons Level 1 (Chrono Boost)  
  79  5:42  Probe (Chrono Boost)  
  79  5:46  Probe (Chrono Boost)  
  79  5:47  Charge (Chrono Boost), Probe (Chrono Boost)  
  79  5:50  Probe x2 (Chrono Boost)  
  79  5:53  Sentry x2  
  79  5:55  Probe  
  81  6:01  Probe  
  82  6:07  Immortal (Chrono Boost)  
  82  6:10  Probe  
  87  6:17  Probe  
  87  6:18  Probe  
  89  6:20  Gateway  
  89  6:22  Gateway  
  89  6:23  Gateway  
  89  6:25  Gateway  
  89  6:30  Gateway  
  89  6:31  Templar Archives  
  89  6:34  Zealot  
  89  6:35  Zealot x3  
  89  6:36  Probe x2  
  89  6:38  Pylon  
  98  6:41  Warp Prism (Chrono Boost)  
  98  6:46  Probe  
  101  6:47  Assimilator  
  101  6:50  Assimilator  
  101  6:53  Pylon  
  101  6:55  Pylon  
  101  6:56  Pylon, Probe  
  101  7:00  Photon Cannon  
  102  7:04  Probe  
  103  7:10  High Templar x3  
  103  7:11  High Templar  
  103  7:15  Pylon, Archon x2  
  111  7:16  Pylon  
  111  7:17  Pylon  
  111  7:18  Pylon  
  111  7:26  Photon Cannon  
  111  7:27  Observer (Chrono Boost)  
  112  7:30  Photon Cannon  
  111  7:44  High Templar, Immortal (Chrono Boost)  
  111  7:45  Zealot x6, High Templar, Protoss Ground Weapons Level 2 (Chrono Boost)  
  111  7:50  Archon  
  131  8:07  Nexus  
  131  8:08  Zealot x2  
  131  8:09  Zealot x4, Pylon  
  143  8:13  Probe x3  
  143  8:17  Pylon  
  146  8:23  Gateway  
  146  8:24  Gateway  
  148  8:30  Zealot x6  
  156  8:40  Immortal (Chrono Boost)  
  132  8:56  High Templar x2  
  132  8:57  High Templar x4  
  140  9:07  Zealot x2  
  140  9:15  Probe x3  
  140  9:16  Shield Battery  
  143  9:17  Shield Battery  
  143  9:20  Photon Cannon  
  143  9:21  Photon Cannon  
  143  9:22  Immortal (Chrono Boost)  
  141  9:27  Probe  
  141  9:28  Probe  
  141  9:29  Probe x2  
  147  9:34  Assimilator  
  147  9:36  Assimilator  
  147  9:37  Photon Cannon  
  147  9:39  Probe, Photon Cannon  
  147  9:40  High Templar, Photon Cannon  
  148  9:50  High Templar x3  
  148  9:51  High Templar  
  156  9:56  Archon x2  
  155  10:02  Void Ray (Chrono Boost)  
  155  10:11  Forge  
  159  10:27  Fleet Beacon  
  159  10:29  Stargate  
  159  10:36  Warp Prism (Chrono Boost)  
  159  10:40  Protoss Ground Weapons Level 3 (Chrono Boost)  
  161  10:47  Pylon  
  161  10:52  Blink  
  161  10:53  Zealot x8  
  165  10:58  Nexus  
  145  11:20  Templar Archives  
  145  11:22  Carrier  
  157  11:30  Zealot x5  
  157  11:31  Zealot x3  
  169  11:46  Mothership (Chrono Boost)  
  171  12:04  Fleet Beacon  
  171  12:07  Zealot x2  
  171  12:08  Zealot x6  
  187  12:14  Pylon  
  183  12:24  Probe x3  
  182  12:31  Zealot x9  
  182  12:33  Carrier  
  182  12:35  Templar Archives  
  186  12:46  Photon Cannon x2  
  186  12:57  Pylon  
  192  13:05  Pylon  
  192  13:08  Pylon  
Show
View Real Time Build Order
Export as new Build Order

Garitos Zerg 

Build Orders: Hatch First, Roach Hydra 

Get SALT Encoding   

  12  0:00  Drone  
  13  0:08  Drone  
  14  0:33  Hatchery  
  13  0:37  Drone  
  14  0:44  Overlord  
  14  0:53  Drone, Extractor  
  14  0:55  Extractor  
  14  0:56  Drone  
  16  1:03  Drone  
  17  1:10  Drone  
  18  1:17  Extractor  
  17  1:23  Drone, Spawning Pool  
  17  1:30  Drone  
  18  1:44  Drone  
  18  1:45  Drone  
  20  1:54  Drone  
  21  1:57  Drone  
  22  2:02  Drone  
  22  2:07  Drone  
  24  2:12  Queen x2  
  28  2:17  Overlord  
  28  2:35  Drone, Hatchery  
  28  2:36  Drone  
  29  2:37  Drone  
  29  2:40  Drone  
  29  2:44  Metabolic Boost  
  31  2:46  Zergling x2  
  32  2:54  Drone x2  
  32  2:58  Queen  
  36  3:02  Overlord  
  36  3:14  Extractor  
  36  3:15  Extractor, Zergling x4  
  38  3:31  Drone x2  
  38  3:32  Drone  
  40  3:39  Drone  
  40  3:40  Drone x2  
  40  3:41  Drone  
  42  3:43  Drone  
  42  3:45  Spore Crawler  
  42  3:49  Drone  
  42  3:53  Drone, Queen  
  46  3:58  Drone x2  
  46  4:02  Drone x2  
  47  4:03  Drone x2  
  47  4:09  Drone x2  
  49  4:10  Spore Crawler  
  49  4:14  Overlord  
  47  4:17  Drone  
  47  4:18  Drone  
  47  4:22  Overlord  
  49  4:29  Spore Crawler  
  49  4:30  Drone  
  49  4:38  Drone x2  
  49  4:39  Drone  
  49  4:41  Roach Warren  
  49  4:43  Drone  
  49  4:44  Drone x4  
  56  4:47  Drone  
  56  4:51  Overlord  
  57  4:56  Extractor, Lair  
  57  4:57  Extractor  
  57  4:59  Drone x2  
  57  5:01  Evolution Chamber  
  57  5:03  Drone  
  57  5:04  Drone x4  
  61  5:13  Zergling x6  
  61  5:14  Zergling x4  
  65  5:17  Zergling x4  
  65  5:22  Roach Warren  
  65  5:27  Roach x2  
  66  5:29  Roach x2  
  70  5:37  Evolution Chamber  
  70  5:41  Drone x2  
  70  5:42  Drone x2  
  71  5:43  Drone x3  
  71  5:48  Zerg Missile Weapons Level 1  
  73  5:51  Drone  
  73  5:54  Glial Reconstitution  
  73  5:59  Overlord x2  
  73  6:01  Tunneling Claws  
  73  6:04  Drone x2  
  73  6:06  Drone  
  73  6:08  Extractor x2  
  69  6:11  Burrow  
  69  6:13  Drone x2  
  69  6:14  Drone x3  
  73  6:19  Drone x3  
  73  6:20  Drone x3  
  79  6:34  Roach x5  
  89  6:43  Overlord  
  89  6:44  Overlord  
  89  6:46  Overlord x2  
  89  6:53  Overlord x2  
  89  7:01  Overlord  
  89  7:02  Hatchery  
  89  7:04  Overlord  
  89  7:05  Drone  
  89  7:06  Drone x2  
  89  7:07  Extractor  
  90  7:09  Drone x2  
  90  7:12  Roach x3, Hydralisk Den  
  97  7:19  Roach x3  
  97  7:20  Drone x2, Roach x5  
  105  7:33  Roach x2  
  105  7:34  Roach  
  106  7:39  Roach x2  
  106  7:41  Roach  
  106  7:42  Drone x2  
  106  7:43  Pneumatized Carapace  
  109  7:44  Grooved Spines, Zerg Missile Weapons Level 2  
  109  7:47  Overlord  
  109  7:48  Overlord  
  109  7:50  Hydralisk  
  110  7:53  Hydralisk  
  110  7:55  Hydralisk  
  114  8:01  Roach x5  
  114  8:02  Roach  
  114  8:03  Roach x2  
  120  8:06  Ravager x2  
  120  8:07  Ravager x2  
  120  8:09  Roach  
  120  8:11  Hydralisk  
  128  8:16  Roach  
  128  8:17  Roach x3  
  128  8:19  Roach  
  138  8:21  Roach x2  
  138  8:23  Roach x5  
  142  8:33  Roach  
  142  8:38  Roach x2  
  142  8:39  Roach x3  
  138  8:46  Roach  
  138  8:47  Roach x3  
  138  8:48  Roach x5  
  142  8:51  Roach x2  
  142  8:57  Roach  
  142  8:58  Roach  
  142  8:59  Roach  
  144  9:08  Hydralisk x2  
  144  9:09  Muscular Augments  
  140  9:15  Hydralisk x2  
  144  9:18  Hydralisk  
  144  9:21  Queen  
  144  9:23  Hatchery  
  147  9:28  Hydralisk x3  
  152  9:39  Drone  
  152  9:41  Overlord  
  152  9:44  Overlord  
  153  9:48  Overlord  
  153  9:53  Overlord  
  153  9:59  Queen x3, Roach  
  161  10:03  Roach x3  
  161  10:05  Roach  
  171  10:07  Roach x2  
  171  10:12  Roach x2  
  173  10:14  Roach  
  173  10:18  Overlord  
  173  10:23  Infestation Pit  
  173  10:24  Roach x2, Lurker Den  
  175  10:34  Roach x2  
  173  10:36  Drone  
  173  10:37  Drone  
  173  10:40  Roach  
  176  10:45  Roach  
  176  10:46  Drone x2  
  180  10:54  Roach  
  180  10:56  Roach x2  
  180  11:01  Ravager  
  180  11:02  Ravager  
  180  11:03  Roach x2  
  181  11:05  Hydralisk  
  170  11:11  Hydralisk x2  
  170  11:12  Hydralisk  
  170  11:16  Drone x3  
  170  11:18  Drone x3  
  178  11:24  Hydralisk  
  178  11:30  Hydralisk x3  
  174  11:34  Hydralisk  
  174  11:38  Hydralisk x2  
  178  11:43  Hive  
  163  11:48  Overlord  
  163  11:50  Hydralisk  
  147  12:03  Hydralisk  
  147  12:05  Hydralisk  
  147  12:06  Spire  
  146  12:08  Hydralisk  
  146  12:14  Hydralisk  
  150  12:16  Hydralisk  
  150  12:20  Hydralisk  
  146  12:29  Hydralisk x2  
  146  12:33  Hydralisk  
  122  12:40  Hydralisk  
  122  12:42  Hydralisk  
  100  12:46  Roach  
  100  12:49  Roach  
  92  12:54  Overlord  

Tags
 
Add a new tag
Caveats
  • Supply blocks, unpowered buildings, or Contaminate may cause inaccurate times.
  • Supply counts are checked every 10 seconds.